Map: 紫晶浪漫-天梯版

Players

JoliwaLoves

  • Race: Protoss Protoss

JieShi - Winner!

  • Race: Protoss Protoss
  • League: Master

Event: DreamHack SC2 Masters 2020 Winter

VOD

Have the link to the VOD?

Description

Time

  • Played on: Oct. 28, 2020, 9:57 a.m.
  • Length: 11:31

All games in this series

Show
View Real Time Build Order
Export as new Build Order

JoliwaLoves Protoss 

Build Orders:  

Get SALT Encoding   

  12  0:00  Probe  
  13  0:12  Probe  
  14  0:17  Pylon  
  14  0:24  Probe  
  15  0:35  Gateway  
  15  0:37  Probe (Chrono Boost)  
  16  0:46  Assimilator, Probe (Chrono Boost)  
  17  0:51  Probe (Chrono Boost)  
  17  0:54  Assimilator  
  18  1:03  Probe (Chrono Boost)  
  19  1:10  Gateway  
  19  1:13  Probe (Chrono Boost)  
  19  1:18  Probe (Chrono Boost)  
  20  1:24  Cybernetics Core  
  21  1:29  Probe  
  22  1:38  Pylon  
  22  1:41  Probe  
  23  1:56  Probe  
  23  2:01  Adept x2  
  28  2:02  Warp Gate  
  28  2:16  Pylon  
  28  2:27  Pylon  
  28  2:32  Stalker  
  28  2:34  Stalker  
  32  2:52  Nexus  
  32  3:05  Stalker x2  
  36  3:15  Pylon  
  32  3:29  Shield Battery  
  32  3:30  Twilight Council  
  32  3:35  Probe  
  33  3:48  Probe  
  34  3:49  Stalker x2  
  35  4:03  Probe  
  36  4:15  Probe  
  36  4:17  Probe (Chrono Boost)  
  38  4:20  Sentry x2  
  42  4:27  Probe (Chrono Boost)  
  43  4:32  Probe (Chrono Boost)  
  43  4:34  Blink  
  43  4:37  Probe (Chrono Boost)  
  44  4:41  Probe (Chrono Boost)  
  44  4:45  Probe (Chrono Boost), Sentry  
  48  4:46  Probe (Chrono Boost)  
  49  4:53  Probe (Chrono Boost)  
  49  4:55  Probe (Chrono Boost)  
  50  5:04  Forge, Probe (Chrono Boost)  
  50  5:05  Probe (Chrono Boost)  
  52  5:09  Probe (Chrono Boost)  
  52  5:10  Probe (Chrono Boost)  
  52  5:13  Adept x2  
  58  5:20  Probe  
  58  5:21  Probe  
  60  5:23  Gateway  
  60  5:32  Probe  
  60  5:33  Probe  
  60  5:34  Gateway  
  62  5:40  Protoss Ground Weapons Level 1 (Chrono Boost)  
  62  5:44  Robotics Facility  
  62  5:51  Pylon  
  62  6:01  Pylon  
  62  6:09  Stalker x2, Probe x2  
  68  6:15  Photon Cannon  
  68  6:21  Probe x2  
  68  6:23  Stalker  
  72  6:31  Observer (Chrono Boost)  
  73  6:36  Probe x2  
  73  6:38  Stalker  
  73  6:39  Stalker  
  75  6:43  Nexus  
  75  6:45  Pylon  
  73  6:48  Probe x2  
  75  6:58  Observer x2  
  75  7:00  Probe x2  
  74  7:08  Assimilator  
  74  7:12  Probe x2  
  76  7:18  Stalker x4  
  84  7:24  Probe  
  83  7:33  Probe  
  83  7:36  Probe  
  85  7:43  Protoss Ground Weapons Level 2 (Chrono Boost)  
  85  7:44  Pylon x2  
  85  7:56  Probe  
  85  7:57  Pylon, Probe x2  
  88  8:05  Adept x2  
  90  8:07  Stalker x2  
  90  8:08  Probe  
  90  8:09  Probe x2  
  96  8:21  Probe x2  
  96  8:24  Probe  
  97  8:27  Stalker  
  97  8:28  Stalker  
  97  8:33  Probe x2  
  100  8:39  Gateway  
  100  8:40  Gateway  
  100  8:41  Gateway  
  100  8:45  Resonating Glaives (Chrono Boost)  
  100  8:56  Shield Battery, Probe x2  
  100  8:57  Phoenix, Probe  
  100  9:02  Immortal (Chrono Boost)  
  106  9:13  Stalker x3  
  106  9:15  Stalker  
  114  9:43  Assimilator  
  114  9:44  Adept x6  
  125  9:46  Assimilator  
  125  9:48  Pylon  
  125  9:50  Pylon  
  125  9:51  Warp Prism, Pylon  
  124  9:57  Pylon  
  124  10:01  Pylon  
  124  10:11  Adept x7  
  123  10:31  Adept x7  
  117  10:42  Probe x2  
  97  10:57  Adept x7  
  103  11:15  Probe x2  
  103  11:17  Adept x5  
Show
View Real Time Build Order
Export as new Build Order

JieShi Protoss - Winner!

Build Orders: Oracle Opening 

Get SALT Encoding   

  12  0:00  Probe  
  13  0:12  Probe  
  14  0:17  Pylon  
  14  0:24  Probe (Chrono Boost)  
  15  0:37  Gateway, Probe (Chrono Boost)  
  16  0:44  Probe (Chrono Boost)  
  16  0:46  Assimilator  
  17  0:51  Probe  
  17  0:55  Assimilator  
  18  1:03  Probe (Chrono Boost)  
  19  1:08  Gateway  
  19  1:14  Probe (Chrono Boost)  
  20  1:19  Probe (Chrono Boost)  
  20  1:25  Cybernetics Core  
  21  1:29  Probe  
  22  1:34  Pylon  
  22  1:41  Probe  
  23  1:53  Probe  
  24  2:01  Stalker, Warp Gate  
  24  2:02  Stalker  
  28  2:10  Pylon  
  28  2:20  Pylon  
  28  2:30  Stargate  
  28  2:34  Adept x2  
  32  3:01  Shield Battery  
  32  3:09  Probe  
  32  3:12  Oracle (Chrono Boost)  
  33  3:13  Nexus  
  36  3:23  Shield Battery, Probe  
  37  3:29  Shield Battery  
  37  3:33  Pylon  
  37  3:36  Probe  
  38  3:48  Probe  
  43  4:08  Probe  
  38  4:10  Twilight Council  
  38  4:16  Stalker, Sentry  
  42  4:20  Probe  
  43  4:25  Probe (Chrono Boost)  
  42  4:32  Probe (Chrono Boost)  
  42  4:37  Probe (Chrono Boost)  
  44  4:42  Stalker x2, Blink (Chrono Boost)  
  44  4:43  Probe (Chrono Boost)  
  44  4:45  Probe (Chrono Boost)  
  50  4:48  Probe (Chrono Boost)  
  50  4:52  Probe  
  51  4:58  Probe  
  53  5:04  Probe  
  53  5:05  Assimilator  
  53  5:06  Dark Shrine  
  54  5:09  Forge  
  54  5:10  Probe  
  55  5:16  Probe  
  55  5:17  Stalker  
  55  5:20  Pylon  
  58  5:23  Stalker  
  58  5:25  Probe  
  61  5:33  Gateway  
  61  5:34  Probe  
  62  5:39  Probe  
  63  5:43  Protoss Ground Weapons Level 1  
  63  5:53  Stalker x2  
  67  6:00  Probe  
  67  6:01  Probe  
  69  6:06  Pylon  
  69  6:10  Nexus  
  69  6:14  Assimilator  
  69  6:23  Photon Cannon  
  69  6:26  Dark Templar  
  69  6:27  Dark Templar  
  69  6:31  Probe x2  
  71  6:44  Pylon  
  71  6:45  Dark Templar  
  70  6:54  Robotics Facility  
  70  6:58  Gateway  
  70  7:00  Gateway  
  70  7:02  Gateway  
  70  7:09  Pylon  
  70  7:13  Gateway, Probe  
  70  7:14  Charge (Chrono Boost), Probe  
  72  7:17  Gateway  
  72  7:22  Pylon  
  72  7:25  Probe  
  72  7:27  Probe  
  72  7:30  Stalker x2, Sentry  
  72  7:33  Probe  
  72  7:36  Shield Battery  
  79  7:38  Photon Cannon, Probe  
  79  7:39  Probe  
  79  7:43  Robotics Bay  
  81  7:45  Pylon, Observer (Chrono Boost)  
  82  7:53  Stalker, Sentry  
  82  7:56  Adept x2  
  82  7:57  Stalker  
  92  8:00  Stalker  
  92  8:01  Probe  
  92  8:02  Probe  
  92  8:03  Probe  
  97  8:14  Stalker x2  
  97  8:17  Protoss Ground Weapons Level 2 (Chrono Boost)  
  97  8:18  Stalker x2  
  103  8:20  Probe x3  
  103  8:26  Pylon  
  102  8:35  Stalker x2, Warp Prism (Chrono Boost)  
  108  8:45  Assimilator  
  108  8:47  Probe  
  111  8:48  Assimilator  
  111  8:51  Pylon  
  111  8:54  Photon Cannon  
  109  8:57  Disruptor (Chrono Boost)  
  109  9:01  Stalker x2  
  116  9:18  Stalker x4  
  124  9:26  Pylon  
  124  9:30  Pylon  
  124  9:32  Pylon  
  124  9:34  Probe  
  124  9:35  Stalker  
  124  9:37  Disruptor (Chrono Boost), Pylon  
  124  9:43  Probe x2  
  128  9:46  Probe  
  128  9:50  Nexus  
  129  10:02  Pylon, Zealot x2  
  129  10:03  Zealot x2  
  129  10:04  Zealot  
  137  10:13  Warp Prism (Chrono Boost)  
  135  10:23  Stalker x2  
  135  10:24  Stalker  
  128  10:37  Stalker x4, Shield Battery, Sentry  
  128  10:40  Observer  
  128  10:47  Disruptor (Chrono Boost)  
  128  10:48  Shield Battery  
  131  10:51  Pylon  
  131  10:55  Stalker x2, Sentry  
  135  11:06  Stalker x3  
  139  11:14  Stalker  
  139  11:16  Stalker  
Tags
 
Add a new tag
Caveats
  • Supply blocks, unpowered buildings, or Contaminate may cause inaccurate times.
  • Supply counts are checked every 10 seconds.